 Dungeon Crawl Stone Soup version 0.31-a0-699-g830162fb6c (webtiles) character file.

Game seed: 696956382810125412

392 qw the Shooter (level 6, -8/38 HPs)
             Began as a Gargoyle Hunter on Sept 7, 2023.
             Mangled by a gnoll
             ... wielding a +0 halberd
              (9 damage)
             ... on level 5 of the Dungeon.
             The game lasted 00:01:06 (2895 turns).

qw the Shooter (Gargoyle Hunter)                    Turns: 2895, Time: 00:01:07

Health: -8/38      AC: 12    Str: 15    XL:     6   Next: 81%
Magic:  6/6        EV: 16    Int:  9    God:
Gold:   172        SH:  0    Dex: 15    Spells: 5/5 levels left

rFire   . . .        Y - +1 shortbow
rCold   + . .        (shield currently unavailable)
rNeg    + . .        h - +1 ring mail {rPois}
rPois   inf          (no helmet)
rElec   +            g - +0 cloak
rCorr   .            (no gloves)
SInv    .            (no boots)
Will    .....        (no amulet)
Stlth   +            j - +5 ring of evasion
HPRegen 0.26/turn    d - ring of protection from cold
MPRegen 0.10/turn

%: no passive effects
@: no status effects
A: sickness immunity, AC +4, negative energy resistance 1, electricity
resistance, torment resistance 1, petrification resistance
a: no special abilities


You were on level 5 of the Dungeon.
You visited 1 branch of the dungeon, and saw 5 of its levels.

You collected 190 gold pieces.
You spent 18 gold pieces at shops.


Innate Abilities, Weirdness & Mutations

You are immune to sickness and miasma.
Your stone body is resilient. (AC +4)
You are immune to poison.
You resist negative energy. (rN+)
You are resistant to electric shocks. (rElec)
You are resistant to unholy torment.
You are immune to petrification.


   Skills:
 - Level 4.2 Fighting
 + Level 6.2 Ranged Weapons
 - Level 3.4 Armour
 - Level 1.5 Dodging
 - Level 1.1 Stealth


You had 5 spell levels left.
You didn't know any spells.
Your spell library was empty.

Inventory:

Hand Weapons
 Y - a +1 shortbow (weapon)
Armour
 g - a +0 cloak (worn)
 h - a +1 ring mail of poison resistance (worn)
Jewellery
 d - a ring of protection from cold (right hand)
 j - a +5 ring of evasion (left hand)
Potions
 a - a potion of enlightenment {unknown}
 c - a potion of invisibility {unknown}
 i - a potion of cancellation {unknown}
 l - a potion of heal wounds {unknown}
 m - a potion of curing {unknown}

Dungeon Overview and Level Annotations

Branches:
Dungeon (5/15)
 Temple: D:4-7

Altars:
Yredelemnul

Shops:
D:1 *

Portals:
Abyss: D:4

Annotations:
D:4 2 transporters, qw's ghost, amateur GrHu


Message History

The gnoll is heavily wounded.
The gnoll hits you with a +0 club. The gnoll barely misses you.
You shoot an arrow. The arrow hits the gnoll.
The gnoll is severely wounded.
The gnoll closely misses you. The gnoll hits you with a +0 club.
The gnoll barely misses you.
The gnoll hits you from afar with a +0 halberd!
The gnoll hits you but does no damage.
You shoot an arrow.
The arrow hits the gnoll but does no damage.
The gnoll is severely wounded.
The gnoll misses you. The gnoll closely misses you.
The gnoll barely misses you.
You shoot an arrow. The arrow barely misses the gnoll.
The gnoll closely misses you. x2; The gnoll hits you but does no damage.
You shoot an arrow. The arrow closely misses the gnoll.
The gnoll misses you. The gnoll hits you with a +0 club.
The gnoll barely misses you.
You shoot an arrow. The arrow hits the gnoll.
You kill the gnoll!
The gnoll barely misses you. x2
You shoot an arrow. The arrow hits the gnoll.
The gnoll is severely wounded.
The gnoll hits you from afar with a +0 halberd.
The gnoll misses you. The gnoll completely misses you.
The gnoll closely misses you.
You shoot an arrow. The arrow barely misses the gnoll.
The gnoll misses you. The gnoll hits you but does no damage.
You shoot an arrow. The arrow hits the gnoll.
The gnoll is almost dead.
The gnoll misses you. The gnoll barely misses you.
You shoot an arrow. The arrow completely misses the gnoll.
The gnoll hits you from afar with a +0 halberd!
The gnoll hits you but does no damage.
You shoot an arrow. The arrow hits the gnoll.
You kill the gnoll!
The gnoll hits you from afar with a +0 halberd!
You shoot an arrow. The arrow barely misses the gnoll.
The gnoll hits you but does no damage.
The gnoll hits you from afar with a +0 halberd!
You die...

#. #########
##.##.......######
......[........... ##
##.#.....[.#.####.. .
........#.#.# #.# #.
..###..#.#.####.#
#.###.#......#.##....
#.#...).#.##.#.#.##.#.#
#...g.@......#.#.#....#
#?..)##.........)#..#.#
#....#.
#....#.#...<..... ####
#g ###..#.#.......## #.
#..#.#....#...# ##
#<.#...<#.##..#
##.#...##.##..# ..#...
#.. ..# #.. ### .##


You could see a gnoll.

Vanquished Creatures
  2 ogres
  A jelly (D:5)
  A sleepcap (D:4)
  2 iguanas
  3 gnolls (D:5)
  2 adders
  A worm (D:2)
  2 dart slugs
  An orc (D:4)
  9 endoplasms
  3 giant cockroaches
  7 goblins
  4 hobgoblins
  5 jackals
  6 kobolds
  10 quokkas
  2 ball pythons
  6 bats
  3 frilled lizards (D:1)
  4 rats
74 creatures vanquished.

Notes
Turn   | Place    | Note
-------+----------+-------------------------------------------
     0 | D:1      | qw the Gargoyle Hunter began the quest for the Orb.
     0 | D:1      | Reached XP level 1. HP: 12/12 MP: 1/1
     0 | D:1      | 0 ||| qw: Version: 0.3-a-76-g4403597
     0 | D:1      | 0 ||| qw: Game counter: 425
     0 | D:1      | 0 ||| qw: Melee chars always use a shield: true
     0 | D:1      | 0 ||| qw: God list: Okawaru
     0 | D:1      | 0 ||| qw: Allow faded altars: false
     0 | D:1      | 0 ||| qw: Do Orc after clearing Dungeon:15 true
     0 | D:1      | 0 ||| qw: Do second Lair branch before Depths: true
     0 | D:1      | 0 ||| qw: Lair rune preference: random
     0 | D:1      | 0 ||| qw: Goals: Normal
     0 | D:1      | 0 ||| PLANNING D:1-11
   199 | D:1      | Reached XP level 2. HP: 17/17 MP: 2/2
   487 | D:1      | Reached XP level 3. HP: 21/21 MP: 3/3
   559 | D:1      | Reached skill level 5 in Ranged Weapons
   751 | D:1      | Found Jiowoxza's Assorted Antiques.
   797 | D:1      | 797 ||| SHOPLISTING gilded ring (105 gold, have 22).
   797 | D:1      | 797 ||| BUYING purple potion (18 gold).
   797 | D:1      | Bought a purple potion for 18 gold pieces
   797 | D:1      | 797 ||| SHOPLISTING scroll labelled FUGEANAKOA (21 gold,
                  | have 4).
   797 | D:1      | 797 ||| SHOPLISTING scroll labelled IWYUZE VOIT (21 gold,
                  | have 4).
   797 | D:1      | 797 ||| SHOPLISTING scroll labelled NEJAUR JEUQU (21 gold,
                  | have 4).
   797 | D:1      | 797 ||| SHOPLISTING scroll labelled WURISOUNKAY (21 gold,
                  | have 4).
   797 | D:1      | 797 ||| SHOPLISTING scroll labelled YNA TUX KAXT (21 gold,
                  | have 4).
   802 | D:1      | 802 ||| UPGRADING to +0 ring mail.
   812 | D:1      | 812 ||| DROPPING +0 leather armour.
   813 | D:1      | 813 ||| UPGRADING to +0 cloak.
   818 | D:1      | 818 ||| UPGRADING to +1 ring mail of poison resistance.
   828 | D:1      | 828 ||| DROPPING +0 ring mail.
   829 | D:1      | 829 ||| UPGRADING to +5 ring of evasion.
   830 | D:1      | 830 ||| READING scroll labelled EKOSCH UCASHRAI.
   831 | D:1      | 831 ||| READING scroll labelled RUKLUE SEBLUVA.
   832 | D:1      | 832 ||| READING scroll labelled PYK BOUCUFI.
   833 | D:1      | 833 ||| DROPPING scroll of butterflies.
   951 | D:2      | Noticed an ogre
   958 | D:2      | Killed an ogre
   959 | D:2      | Reached skill level 3 in Armour
   959 | D:2      | Reached XP level 4. HP: 27/27 MP: 4/4
  1030 | D:2      | Reached XP level 5. HP: 31/31 MP: 5/5
  1205 | D:2      | Found a faded altar of an unknown god.
  1223 | D:2      | HP: 7/32 [frozen (4)]
  1445 | D:2      | Reached skill level 3 in Fighting
  1546 | D:2      | 1546 ||| UPGRADING to ring of protection from cold.
  1547 | D:2      | 1547 ||| READING scroll labelled FUGEANAKOA.
  1548 | D:2      | 1548 ||| READING scroll labelled WURISOUNKAY.
  1552 | D:2      | 1552 ||| READING scroll labelled UGAUDIMMUQ.
  1814 | D:3      | Found a basalt altar of Yredelemnul.
  2249 | D:3      | 2249 ||| READING scroll labelled ROXI SINNULAI.
  2277 | D:4      | 2277 ||| STAIRDANCE
  2304 | D:4      | Found a one-way gate to the infinite horrors of the Abyss.
  2304 | D:4      | Noticed qw's ghost (amateur GrHu)
  2439 | D:4      | Reached XP level 6. HP: 37/37 MP: 6/6
  2512 | D:4      | Found a transporter.
  2534 | D:4      | Found a transporter.
  2738 | D:4      | 2738 ||| READING scroll labelled NEJAUR JEUQU.
  2744 | D:5      | Entered Level 5 of the Dungeon
  2755 | D:5      | Reached skill level 6 in Ranged Weapons
  2755 | D:5      | 2755 ||| STAIRDANCE
  2873 | D:5      | 2873 ||| Stepping ~*~*~tactically~*~*~ (outnumbered).
  2893 | D:5      | HP: 8/38 [gnoll/+0 halberd (12)]
  2894 | D:5      | HP: 1/38 [gnoll/+0 halberd (8)]
  2895 | D:5      | Mangled by a gnoll

Levels and vault maps discovered:
D:1:      roderic_octagonal_star, layout_basic, serial_shops,
          nicolae_shop_tiny_statue_garden, nicolae_houndstooth_variations
D:2:      layout_basic, shapermc_ecumenical_altar_venn,
          kennysheep_generic_room_4
D:3:      layout_loops_ring, mainiacjoe_overflow_cross_hatched
D:4:      layout_rooms, gammafunk_ghost_abyssal_escape
D:5:      layout_basic, minmay_temple_entry_poolview, uniq_edmund

Skill      XL: |  1  2  3  4  5  6 |
---------------+-------------------+-----
Ranged Weapons | 5 6 |  6.2
Armour         | 3 |  3.4
Fighting       | 3 4 |  4.2
Dodging        | |  1.5
Stealth        | |  1.1

Action                     |  1- 3 |  4- 6 || total
---------------------------+-------+-------++-------
   Fire: Shortbow          |    79 |   182 ||   261
    Use: Scroll            |     3 |     5 ||     8
 Armour: Leather armour    |    21 |       ||    21
         Ring mail         |       |    56 ||    56
  Dodge: Dodged            |    26 |    96 ||   122

Table legend:
 A = Non-vault XP
 B = Vault XP
 C = Vault XP percentage of total XP
 D = Non-vault monster count
 E = Vault monster count
 F = Vault count percentage of total count
                 A         B        C        D         E       F
            +---------+---------+-------+---------+---------+-------
      Total |     561 |       0 |   0.0 |      74 |       0 |   0.0
            +---------+---------+-------+---------+---------+-------
        D:1 |      46 |       0 |   0.0 |      27 |       0 |   0.0
        D:2 |     153 |       0 |   0.0 |      15 |       0 |   0.0
        D:3 |      39 |       0 |   0.0 |      15 |       0 |   0.0
        D:4 |      92 |       0 |   0.0 |      11 |       0 |   0.0
        D:5 |     231 |       0 |   0.0 |       6 |       0 |   0.0
            +---------+---------+-------+---------+---------+-------
